 Dungeon Crawl Stone Soup version 0.26-a0-524-g073066f (webtiles) character file.

Game seed: 10934109134150944554

98 roflturtle the Conjurer (level 4, -6/33 HPs)
             Began as a Demigod Conjurer on Aug 13, 2020.
             Mangled by Grinder (8 damage)
             ... while paralysed by Grinder
             ... on level 3 of the Dungeon.
             The game lasted 00:06:45 (3097 turns).

roflturtle the Conjurer (Demigod Conjurer)          Turns: 3097, Time: 00:06:45

Health: -6/33      AC:  3    Str: 10    XL:     4   Next: 20%
Magic:  8/11       EV:  2    Int: 24    God:
Gold:   107        SH:  0    Dex: 14    Spells: 3/9 levels left

rFire    . . .     SeeInvis .   e - +1 dagger (freeze)
rCold    . . .     Faith    .   (no shield)
rNeg     . . .     Spirit   .   a - +0 robe
rPois    .         Reflect  .   (no helmet)
rElec    .         Harm     .   (no cloak)
rCorr    .                      (no gloves)
MR       .....                  p - +0 pair of boots
Stlth    ++........             (no amulet)
HPRegen  0.11/turn              (no ring)
MPRegen  0.12/turn              (no ring)

@: paralysed
A: high mp 1
a: no special abilities


You were on level 3 of the Dungeon.
You visited 1 branch of the dungeon, and saw 3 of its levels.

You collected 107 gold pieces.

Inventory:

Hand Weapons
 e - a +1 dagger of freezing (weapon)
Armour
 a - a +0 robe (worn)
 h - a cursed +0 ring mail
 i - a +0 leather armour of poison resistance
 p - a +0 pair of boots (worn)
Wands
 l - a wand of flame (19)
 n - a wand of disintegration (20)
Scrolls
 c - 2 scrolls of teleportation {unknown}
 f - a scroll of enchant armour {unknown}
 g - 2 scrolls of identify {unknown}
 j - a scroll of enchant weapon {unknown}
 k - a scroll of fear {unknown}
 m - a scroll of fog {unknown}
 o - a scroll of remove curse {unknown}
Potions
 b - 2 potions of cancellation {unknown}
 d - 2 potions of magic {unknown}


   Skills:
 - Level 2.2 Dodging
 - Level 2.1 Stealth
 - Level 3.0 Spellcasting
 + Level 4.3 Conjurations


You had 3 spell levels left.
You knew the following spells:

 Your Spells              Type           Power        Failure   Level
a - Magic Dart            Conj           ###.         1%          1
b - Searing Ray           Conj           ###...       2%          2
c - Dazzling Flash        Conj/Hex       ##....       14%         3

Your spell library contained the following spells:

 Spells                   Type           Power        Failure   Level
 Fulminant Prism          Conj/Hex       ##........   41%         4
 Iskenderun's Mystic Bla  Conj/Tloc      ##......     41%         4


Dungeon Overview and Level Annotations

Branches:
Dungeon (3/15)

Annotations:
D:3 Grinder


Innate Abilities, Weirdness & Mutations

You have an increased reservoir of magic. (+10% MP)


Message History

(Press . to maintain the ray.)
The searing ray hits Grinder!
Grinder is heavily wounded.
Grinder gestures at you.
You suddenly lose the ability to move!
Grinder hits you!
A frilled lizard comes into view.
The frilled lizard hisses angrily.
Grinder says, "Wait up."
Grinder hits you.
You writhe in agony.
Grinder completely misses you.
The frilled lizard bites you but does no damage.
A goblin comes into view.
Grinder gestures at you. Pain shoots through your body!
* * * LOW HITPOINT WARNING * * *
The frilled lizard bites you.
* * * LOW HITPOINT WARNING * * *
Grinder hits you!
You die...

# .# ##.#
...
####l#.#
#.g@5..#
#.#........
# #.#.##.##
#....# ###
.# .# . ..


You could see Grinder, a goblin and a frilled lizard.

Vanquished Creatures
  2 adders (D:2)
  An ooze (D:1)
  2 worms (D:2)
  3 dart slugs
  7 bats
  9 giant cockroaches (D:1)
  12 goblins
  6 hobgoblins
  A jackal (D:1)
  8 kobolds
  A quokka (D:2)
  A frilled lizard (D:2)
  2 rats
55 creatures vanquished.

Notes
Turn   | Place    | Note
-------+----------+-------------------------------------------
     0 | D:1      | roflturtle the Demigod Conjurer began the quest for the
                  | Orb.
     0 | D:1      | Reached XP level 1. HP: 14/14 MP: 5/5
   514 | D:1      | Reached XP level 2. HP: 20/20 MP: 4/7
   636 | D:1      | Learned a level 2 spell: Searing Ray
   844 | D:1      | Reached skill level 4 in Conjurations
   953 | D:1      | Reached XP level 3. HP: 26/26 MP: 1/8
  2376 | D:2      | Reached XP level 4. HP: 33/33 MP: 5/11
  2381 | D:2      | Learned a level 3 spell: Dazzling Flash
  2756 | D:2      | Found a shadowy altar of Dithmenos.
  3026 | D:2      | Found a white marble altar of Elyvilon.
  3090 | D:3      | Noticed Grinder
  3092 | D:3      | Paralysed by Grinder for 6 turns
  3097 | D:3      | Mangled by Grinder

Illustrated notes

Levels and vault maps discovered:
D:1:      dpeg_cavernosity, layout_basic, minmay_pentomino_z4
D:2:      layout_basic, lemuel_coloured_pillars_altar,
          grunt_dithmenos_smoke_and_mirrors, st_stairs_1, minmay_distorted
D:3:      layout_basic, nicolae_overflow_hidden_temple, grunt_decor_one_mirror,
          uniq_grinder, uniq_ijyb, uniq_terence

Skill      XL: |  1  2  3 |
---------------+----------+-----
Spellcasting   | 2 3 |  3.0
Stealth        | 2 |  2.1
Dodging        | 2 |  2.2
Conjurations   | 4 |  4.3

Action                   |  1- 3 |  4- 6 || total
-------------------------+-------+-------++-------
Melee: Unarmed           |    13 |       ||    13
       Dagger            |     3 |       ||     3
       Club              |     1 |       ||     1
 Cast: Magic Dart        |   103 |    23 ||   126
       Searing Ray       |       |     1 ||     1
 Stab: Sleeping          |     1 |       ||     1
Armor: Robe              |    13 |     1 ||    14
Dodge: Dodged            |    17 |     4 ||    21

Table legend: (Time is in decaauts)
 A = Elapsed time spent in this place.
 B = Non-inter-level travel time spent in this place.
 C = Inter-level travel time spent in this place.
 D = Time resting spent in this place.
 E = Time spent auto-exploring this place.
 F = Levels seen in this place.
 G = Mean time per level.
                   A        B        C        D        E       F      G
               +--------+--------+--------+--------+--------+-----+--------+
         Total |   3095 |   3021 |     74 |      0 |   2726 |   3 | 1031.7 |
       Dungeon |   3095 |   3021 |     74 |      0 |   2726 |   3 | 1031.7 |
               +--------+--------+--------+--------+--------+-----+--------+

Top non-repeatable levels by time:
     D:1: 2004 daAuts
     D:2: 1084 daAuts
     D:3: 6 daAuts
